 Dungeon Crawl Stone Soup version 0.24.0-1-gfbc8707122 (webtiles) character file.

Game seed: 2690365168231745243, levelgen mode: deterministic

20432 MTVSty1e the Severer (level 12, -24/113 HPs)
             Began as a Minotaur Fighter on Oct 28, 2019.
             Was a High Priest of Okawaru.
             Annihilated by an enormous slime creature (61 damage)
             ... on level 12 of the Dungeon.
             The game lasted 00:20:36 (12697 turns).

MTVSty1e the Severer (Minotaur Fighter)            Turns: 12697, Time: 00:20:37

Health: -24/113    AC: 18    Str: 23    XL:     12   Next: 45%
Magic:  13/14      EV: 10    Int:  9    God:    Okawaru [*****.]
Gold:   804        SH: 16    Dex: 16    Spells: 11/11 levels left

rFire    . . .     SeeInvis .   J - +9 broad axe "Pumiecw" {vamp, +Fly MR+ Str-3 Dex+4}
rCold    . . .     Gourm    .   c - +0 shield
rNeg     . . .     Faith    .   x - +0 plate armour
rPois    .         Spirit   .   s - +1 hat
rElec    .         Reflect  +   C - scarf {repulsion}
rCorr    .         Harm     .   (no gloves)
MR       ++...                  G - +0 pair of boots
Stlth    ..........             u - +2 amulet of reflection
HPRegen  0.28/turn              F - ring of protection from magic
MPRegen  0.14/turn              b - +4 ring of intelligence

@: heroism, repel missiles
A: retaliatory headbutt, horns 2, talons 1, thin skeletal structure 1
a: Heroism, Finesse, Renounce Religion, Evoke Flight


You were on level 12 of the Dungeon.
You worshipped Okawaru.
Okawaru was extremely pleased with you.
You were not hungry.

You visited 2 branches of the dungeon, and saw 13 of its levels.

You collected 804 gold pieces.

Inventory:

Hand Weapons
 J - the +9 broad axe "Pumiecw" (weapon) {vamp, +Fly MR+ Str-3 Dex+4}
   (Okawaru gifted it to you on level 11 of the Dungeon)

   It inflicts no extra harm, but heals its wielder when it wounds a living foe.
   It affects your strength (-3).
   It affects your dexterity (+4).
   It affects your resistance to hostile enchantments.
   It lets you fly.
 L - a +1 broad axe of flaming
Armour
 c - a +0 shield (worn)
 s - a +1 hat (worn)
 x - a +0 plate armour (worn)
 C - a scarf of repulsion (worn)
 G - a +0 pair of boots (worn)
Jewellery
 a - an uncursed ring of magical power
 b - a +4 ring of intelligence (right hand)
 i - an uncursed amulet of rage {unknown}
 j - an uncursed amulet of faith
 u - a +2 amulet of reflection (around neck)
 A - an uncursed amulet of the gourmand {unknown}
 E - an uncursed ring of resist corrosion {unknown}
 F - a ring of protection from magic (left hand)
 M - an uncursed amulet of rage {unknown}
Wands
 d - a wand of random effects (6)
 v - a wand of polymorph (10)
 w - a wand of acid (19)
 H - a wand of flame (59)
 K - a wand of iceblast (6)
Scrolls
 e - 11 scrolls of remove curse
 h - 5 scrolls of teleportation
 m - 5 scrolls of immolation
 p - a scroll of blinking
 y - 3 scrolls of amnesia
 B - 3 scrolls of magic mapping
 D - a scroll of identify
Potions
 g - a potion of flight
 k - 3 potions of invisibility
 l - 3 potions of ambrosia
 n - 2 potions of lignification
 o - 4 potions of haste {unknown}
 q - 5 potions of brilliance
 r - a potion of cancellation {unknown}
 t - 2 potions of agility {unknown}
 I - a potion of berserk rage {unknown}
Miscellaneous
 z - a phantom mirror
Comestibles
 f - 30 rations


   Skills:
 + Level 12.4(17.4) Fighting
 * Level 16.3(21.3) Axes
 + Level 8.9(13.9) Armour
 + Level 8.9(13.9) Shields
 + Level 4.9 Invocations
 - Level 2.4 Evocations


You had 11 spell levels left.
You didn't know any spells.
Your spell library contained the following spells:

 Spells                   Type           Power        Failure   Level  Hunger
 Confusing Touch          Hex            #.....       99%         1    ##.....
 Flame Tongue             Conj/Fire      #....        99%         1    ##.....
 Throw Flame              Conj/Fire      #.....       100%        2    ###....
 Confuse                  Hex            #.......     100%        3    ####...
 Conjure Flame            Conj/Fire      #.......     100%        3    ####...
 Gell's Gravitas          Tloc           #.........   100%        3    ####...
 Inner Flame              Hex/Fire       #.......     100%        3    ####...
 Portal Projectile        Hex/Tloc       #.....       100%        3    ####...
 Force Lance              Conj/Tloc      #.......     100%        4    #####..
 Petrify                  Tmut/Erth      #.......     100%        4    #####..
 Sticky Flame             Conj/Fire      #.......     100%        4    #####..
 Fireball                 Conj/Fire      #.........   100%        5    ######.
 Metabolic Englaciation   Hex/Ice        #.........   100%        5    ######.
 Yara's Violent Unravell  Hex/Tmut       #.........   100%        5    ######.
 Dispersal                Tloc           #.........   100%        6    #######
 Controlled Blink         Tloc           N/A          100%        8    #######
 Disjunction              Tloc           #.........   100%        8    #######


Dungeon Overview and Level Annotations

Branches:
Dungeon (12/15)            Temple (1/1) D:5            Lair (0/6) D:10
    Orc (0/2) D:9

Altars:
Ashenzari
Cheibriados
Dithmenos
Fedhas
Gozag
Hepliaklqana
Kikubaaqudgha
Nemelex Xobeh
Okawaru
Qazlal
Ru
Sif Muna
Trog
Uskayaw
Vehumet
Wu Jian
Yredelemnul
Zin
The Shining One

Shops:
D:4 *   D:6 *   D:10 :

Annotations:
D:10 3 runed translucent doors, Tallon's ghost, novice DsFi


Innate Abilities, Weirdness & Mutations

You reflexively headbutt those who attack you in melee.
You have a pair of horns on your head.
You have sharp toenails.
You have a somewhat thin skeletal structure. (Dex +2, Stealth)


Message History

You slash the enormous slime creature!
You feel better.
You headbutt the enormous slime creature, but do no damage.
The enormous slime creature is almost dead.
You block the enormous slime creature's attack.
You slash the enormous slime creature!
You headbutt the enormous slime creature.
The enormous slime creature is almost dead.
The enormous slime creature hits you!!
* * * LOW HITPOINT WARNING * * *
You slash the enormous slime creature!
You feel better.
The enormous slime creature is almost dead.
You hit the enormous slime creature.
You feel better.
The enormous slime creature is almost dead.
You block the enormous slime creature's attack.
You hit the enormous slime creature.
You feel better.
You headbutt the enormous slime creature.
The enormous slime creature is almost dead.
The enormous slime creature hits you!!!
Ouch! That really hurt!
You die...

#.>.# #...# #...# #..>#
#...# #...# #...#
#...#################.#
................@J....#
.....################.#
###..# #..# #..# #..#
#..# #..#


You could see an enormous slime creature.

Vanquished Creatures
  3 hydras
  Erica (D:10)
  Pikel (D:6)
  A slime creature (D:12)
  5 ugly things (D:11)
  2 cyclopes
  2 centaur zombies (D:10)
  2 gargoyles
  4 kobold demonologists
  5 trolls
  A hornet (D:10)
  3 hippogriffs
  2 dream sheep (D:9)
  A wraith (D:10)
  A wyvern (D:10)
  A hungry ghost (D:8)
  12 yaks
  A basilisk (D:10)
  4 vampire mosquitoes (D:12)
  2 porcupines (D:10)
  6 orc warriors
  2 ice beasts (D:10)
  A slave (D:5)
  2 black bears
  An eye of draining (D:10)
  2 necrophages
  A sky beast (D:12)
  8 ogres
  4 phantoms
  A centaur (D:10)
  6 crocodiles
  6 big kobolds
  11 bullfrogs
  2 gnoll sergeants (D:9)
  2 scorpions
  8 wights
  5 killer bees (D:7)
  2 electric eels (D:9)
  7 howler monkeys
  6 jellies
  4 crimson imps
  3 bullfrog zombies
  A quasit (D:10)
  3 hounds
  5 orc wizards
  2 bullfrog skeletons
  4 orc priests
  4 centaur skeletons
  10 worker ants
  Terence (D:2)
  3 iguanas
  Natasha (twice) (D:3)
  4 hound skeletons
  A howler monkey zombie (D:11)
  A worker ant zombie (D:6)
  10 adders
  9 gnolls
  2 shadow imps
  An ooze (D:6)
  An adder zombie (D:9)
  2 adder skeletons
  A worm (D:3)
  A dart slug (D:1)
  3 leopard geckos
  38 orcs
  4 ball pythons
  6 giant cockroaches
  10 goblins
  7 hobgoblins
  12 jackals
  15 kobolds
  4 quokkas
  10 bats
  A frilled lizard (D:3)
  2 leopard gecko skeletons (D:7)
  7 rats
331 creatures vanquished.

Vanquished Creatures (others)
  An ice beast (D:6)
  A centaur (D:6)
  2 fungi (D:10)
  10 plants (D:10)
14 creatures vanquished.

Grand Total: 345 creatures vanquished

Notes
Turn   | Place    | Note
-------+----------+-------------------------------------------
     0 | D:1      | MTVSty1e the Minotaur Fighter began the quest for the Orb.
     0 | D:1      | Reached XP level 1. HP: 19/19 MP: 0/0
    70 | D:1      | Reached skill level 3 in Axes
    72 | D:1      | Reached XP level 2. HP: 26/27 MP: 1/1
   379 | D:1      | Reached XP level 3. HP: 29/33 MP: 2/2
   814 | D:2      | Reached skill level 4 in Axes
   880 | D:2      | Reached XP level 4. HP: 37/41 MP: 3/3
  1070 | D:2      | Noticed Terence
  1082 | D:2      | Killed Terence
  1082 | D:2      | Reached skill level 5 in Axes
  1654 | D:3      | Noticed Natasha
  1662 | D:3      | Killed Natasha
  1662 | D:3      | Reached XP level 5. HP: 47/47 MP: 4/4
  1808 | D:3      | Noticed Natasha
  1819 | D:3      | Killed Natasha
  1819 | D:3      | Reached skill level 5 in Fighting
  2220 | D:4      | Found an opulent altar of Gozag.
  2220 | D:4      | Found Gozag's Platinum Reserve.
  2280 | D:4      | Noticed an ogre
  2286 | D:4      | Killed an ogre
  2286 | D:4      | Reached skill level 6 in Axes
  2286 | D:4      | Reached XP level 6. HP: 40/56 MP: 5/5
  2760 | D:5      | Entered Level 5 of the Dungeon
  2822 | D:5      | Reached skill level 7 in Axes
  2938 | D:5      | Found a staircase to the Ecumenical Temple.
  2972 | Temple   | Entered the Ecumenical Temple
  3046 | Temple   | Became a worshipper of Warmaster Okawaru
  3171 | D:5      | Reached XP level 7. HP: 45/63 MP: 6/6
  3524 | D:6      | Noticed Pikel
  3541 | D:5      | Reached skill level 8 in Axes
  3753 | D:6      | Killed Pikel
  3753 | D:6      | Reached skill level 9 in Axes
  3753 | D:6      | Reached XP level 8. HP: 20/73 MP: 7/7
  4053 | D:6      | Reached * piety under Okawaru
  4351 | D:6      | Reached skill level 10 in Axes
  4501 | D:6      | Found Cask's General Store.
  4847 | D:6      | Reached skill level 11 in Axes
  5032 | D:6      | Reached ** piety under Okawaru
  5146 | D:7      | Reached XP level 9. HP: 82/82 MP: 8/8
  5341 | D:7      | Gained mutation: You have a somewhat thin skeletal
                  | structure. (Dex +2, Stealth) [potion of mutation]
  5341 | D:7      | Gained mutation: You have sharp toenails. [potion of
                  | mutation]
  5972 | D:7      | Reached skill level 12 in Axes
  6988 | D:8      | Reached *** piety under Okawaru
  6988 | D:8      | Reached skill level 10 in Fighting
  7097 | D:8      | Reached skill level 13 in Axes
  7581 | D:8      | Found a bloodstained altar of Trog.
  7868 | D:9      | Reached XP level 10. HP: 93/93 MP: 9/9
  7959 | D:9      | Reached skill level 5 in Shields
  7961 | D:9      | Reached **** piety under Okawaru
  7961 | D:9      | Reached skill level 5 in Armour
  7964 | D:9      | Noticed a sixfirhy
  7968 | D:9      | Noticed a rust devil
  8247 | D:9      | Reached skill level 14 in Axes
  8247 | D:9      | Reached skill level 1 in Evocations
  8293 | D:9      | Noticed a three-headed hydra
  8304 | D:9      | Killed a three-headed hydra
  8304 | D:9      | Reached ***** piety under Okawaru
  8502 | D:9      | Found a staircase to the Orcish Mines.
  9120 | D:9      | Reached XP level 11. HP: 62/102 MP: 11/11
  9219 | D:10     | Entered Level 10 of the Dungeon
  9234 | D:10     | Received a gift from Okawaru
  9261 | D:10     | Reached skill level 1 in Invocations
  9317 | D:10     | Noticed Erica
  9330 | D:10     | Killed Erica
  9590 | D:10     | Reached skill level 15 in Axes
  9640 | D:10     | Found a staircase to the Lair.
 10298 | D:10     | Found a runed translucent gate.
 10298 | D:10     | Found a runed translucent gate.
 10298 | D:10     | Found a runed translucent gate.
 10340 | D:10     | Noticed Tallon's ghost (novice DsFi)
 10364 | D:10     | Paralysed by a hornet for 1 turns
 10530 | D:10     | Found Warum's Book Shoppe.
 10734 | D:11     | Noticed a cyan ugly thing
 11138 | D:11     | Noticed a cyan ugly thing
 11144 | D:11     | Killed a cyan ugly thing
 11710 | D:11     | Received a gift from Okawaru
 11715 | D:11     | Got an iridescent broad axe {god gift}
 11716 | D:11     | Identified the +9 broad axe "Pumiecw" {vamp, +Fly MR+ Str-3
                  | Dex+4} (Okawaru gifted it to you on level 11 of the
                  | Dungeon)
 11731 | D:11     | Noticed a brown ugly thing
 11741 | D:11     | Killed a brown ugly thing
 11859 | D:11     | Found a blossoming altar of Fedhas.
 11925 | D:11     | Noticed a five-headed hydra
 11926 | D:11     | Noticed a red ugly thing
 11927 | D:11     | Noticed a purple ugly thing
 11934 | D:11     | Killed a four-headed hydra
 11934 | D:11     | Reached XP level 12. HP: 78/112 MP: 13/13
 12082 | D:12     | Reached skill level 16 in Axes
 12102 | D:12     | Reached ****** piety under Okawaru
 12230 | D:12     | Received a gift from Okawaru
 12401 | D:12     | Noticed an eight-headed hydra
 12408 | D:12     | Killed a four-headed hydra
 12697 | D:12     | Annihilated by an enormous slime creature

Levels and vault maps discovered:
D:1:      dpeg_arrival_pits, layout_basic
D:2:      layout_basic, uniq_terence
D:3:      layout_basic, minmay_hedge_maze, minmay_strange_pillars, uniq_natasha
D:4:      layout_basic, first_ration, serial_glass, glass_columns_a,
          glass_columns_a, glass_columns_b, glass_columns_c,
          nicolae_gozag_zags_fifth_avenue
D:5:      layout_gridville, minmay_temple_entry_junction
D:6:      layout_gridville, serial_shops, kennysheep_mini_moat, uniq_pikel
D:7:      layout_gridville
D:8:      layout_basic, nicolae_overflow_hidden_temple
D:9:      layout_rooms, kennysheep_orc_monster_closet_entryway, hangedman_ranch
          [blue_anna_fruit_fields], hangedman_abyss_or_decor_stagger,
          chequers_serial_rivers_marsh, hive_lemuel
D:10:     layout_rooms, minmay_lair_entry_grove, gammafunk_ghost_spectres,
          serial_shops, nicolae_shop_crystal, uniq_erica
D:11:     layout_rooms, chequers_serial_rivers_micro_e, fedhas_altar_1
D:12:     layout_long_grid, minmay_misc_feat_x
Temple:   regret_index_temple_chain_breaker

Skill      XL: |  1  2  3  4  5  6  7  8  9 10 11 12 |
---------------+-------------------------------------+-----
Axes           | 3 4 5 6 7 9 11 13 14 15 16 | 16.3
Fighting       | 4 5 6 7 9 10 11 12 | 12.4
Armour         | 4 6 8 |  8.9
Shields        | 4 6 8 |  8.9
Evocations     | 2 |  2.4
Invocations    | 3 4 |  4.9

Action                   |  1- 3 |  4- 6 |  7- 9 | 10-12 || total
-------------------------+-------+-------+-------+-------++-------
Melee: War axe           |    84 |   145 |   232 |   308 ||   769
       Headbutt          |    15 |    13 |    49 |    91 ||   168
       Kick              |       |       |    25 |    84 ||   109
       Whip              |       |       |       |     9 ||     9
       Broad axe         |       |       |       |   102 ||   102
Invok: Heroism           |       |       |       |     3 ||     3
  Use: Potion            |       |     1 |     6 |     3 ||    10
       Scroll            |       |     3 |    16 |     4 ||    23
  Eat: Chunk             |       |     4 |     4 |     6 ||    14
       Ration            |       |     1 |     4 |     3 ||     8
Armor: Scale mail        |    39 |    43 |       |       ||    82
       Plate armour      |       |     9 |   118 |   141 ||   268
Dodge: Dodged            |    36 |    35 |    40 |    51 ||   162
       Deflected         |       |       |       |     2 ||     2
Block: Shield            |    62 |    64 |   158 |   231 ||   515
       Reflection        |       |       |     3 |     9 ||    12
